 Dungeon Crawl Stone Soup version 0.31.0-12-g77e489cdc1 (webtiles) character file.

Game seed: 3388452916820996788

3104 Silvore the Cleaver (level 9, -5/79 HPs)
             Began as a Minotaur Fighter on Feb 22, 2024.
             Was a Believer of Okawaru.
             Slain by an ogre
             ... wielding a +0 giant spiked club
              (11 damage)
             ... on level 6 of the Dungeon.
             The game lasted 00:06:26 (4451 turns).

Silvore the Cleaver (Minotaur Fighter)              Turns: 4451, Time: 00:06:26

Health: -5/79      AC: 13    Str: 24    XL:     9   Next: 59%
Magic:  8/8        EV:  6    Int:  5    God:    Okawaru [**....]
Gold:   225        SH: 15    Dex: 11    Spells: 8/8 levels left

rFire   . . .        a - +3 war axe (venom)
rCold   . . .        n - +0 kite shield
rNeg    . . .        f - +0 plate armour
rPois   .            (helmet restricted)
rElec   .            (no cloak)
rCorr   .            (no gloves)
SInv    .            (no boots)
Will    .....        k - amulet of reflection Stlth
                     (no ring)
HPRegen 0.33/turn    (no ring)
MPRegen 0.11/turn

%: reflection
@: no status effects
A: horns 2, retaliatory headbutt
a: Renounce Religion, Heroism


You were on level 6 of the Dungeon.
You worshipped Okawaru.
Okawaru was pleased with you.
You visited 2 branches of the dungeon, and saw 7 of its levels.

You collected 225 gold pieces.

Inventory:

Hand Weapons
 a - a +3 war axe of venom (weapon)
Missiles
 h - 5 throwing nets (quivered)
Armour
 b - a +0 scale mail
 c - a +0 buckler
 f - a +0 plate armour (worn)
 n - a +0 kite shield (worn)
Jewellery
 k - an amulet of reflection (around neck)
 r - a ring of poison resistance
 t - an amulet of faith
 v - a ring of positive energy
Wands
 m - a wand of roots (5)
 p - a wand of mindburst (20)
Scrolls
 e - 3 scrolls of blinking
 i - a scroll of silence
 w - a scroll of identify
Potions
 g - 2 potions of ambrosia
 j - a potion of degeneration
 l - a potion of resistance
 o - a potion of attraction {unknown}
 q - a potion of invisibility {unknown}
 s - 2 potions of heal wounds {unknown}
 u - 2 potions of enlightenment


   Skills:
 + Level 7.6 Fighting
 + Level 10.9 Axes
 + Level 7.9 Armour
 + Level 0.5 Dodging
 + Level 0.7 Stealth
 + Level 8.0 Shields


You had 8 spell levels left.
You didn't know any spells.
Your spell library contained the following spells:

 Spells                   Type           Power      Damage    Failure   Level
 Dazzling Flash           Conj/Hex       0%         N/A       100%        3
 Mephitic Cloud           Conj/Alch/Air  0%         N/A       100%        3
 Olgreb's Toxic Radiance  Alch           0%         N/A       100%        4
 Passage of Golubria      Tloc           0%         N/A       100%        4
 Curse of Agony           Necr           0%         N/A       100%        5
 Silence                  Hex/Air        0%         N/A       100%        5
 Eringya's Noxious Bog    Alch           0%         4d6       100%        6
 Ozocubu's Refrigeration  Ice            0%         4d7       100%        7
 Discord                  Hex            0%         N/A       100%        8
 Lehudib's Crystal Spear  Conj/Erth      0%         10d2      100%        8
 Summon Forest            Summ/Tloc      Unusable   N/A       N/A         5
 Summon Hydra             Summ           Unusable   N/A       N/A         7

Dungeon Overview and Level Annotations

Branches:
Dungeon (6/15)             Temple (1/1) D:6

Altars:
Ashenzari
Cheibriados
Fedhas
Gozag
Hepliaklqana
Kikubaaqudgha
Makhleb
Nemelex Xobeh
Okawaru
Qazlal
Ru
Sif Muna
Trog
Uskayaw
Vehumet
Wu Jian
Xom
Yredelemnul
The Shining One


Innate Abilities, Weirdness & Mutations

You have a pair of horns on your head.
You reflexively headbutt those who attack you in melee.


Message History

You kill the orc!
Okawaru accepts your kill. You block the orc wizard's attack.
You barely miss the orc wizard.
The orc wizard is almost dead.
You kill the orc wizard!
Okawaru accepts your kill. You block the gnoll's attack.
You closely miss the orc priest. Your headbutt misses the orc priest.
You block the orc priest's attack. You block the gnoll's attack.
Unknown command.
You slash the orc priest!
You kill the orc priest!
Okawaru accepts your kill. You block the gnoll's attack.
You slice the ogre!! You headbutt the ogre!
You kill the ogre!
Okawaru accepts your kill. You block the gnoll's attack.
Your Shields skill increases to level 8!
You block the gnoll's attack.
There is an open door, spattered with blood here.
Items here: ))) [ †.
You slash the gnoll!
You kill the gnoll!
Okawaru accepts your kill.
You start resting.
You feel a little less mighty now.
You start resting.
An ogre comes into view. It is wielding a +0 giant spiked club.
An orc priest and an orc come into view.
The orc priest is wielding a +2 hand axe of freezing.
The orc priest shouts!
The orc shouts!
The ogre shouts!
You hear a shout!
The ogre hits you with a +0 giant spiked club!!
* * * LOW HITPOINT WARNING * * *
You see here 3 large rocks.
You slash the ogre!
The ogre is poisoned.
The ogre is heavily wounded.
The ogre hits you with a +0 giant spiked club!
You die...

#..........................
#P...~≈~~≈≈~~~≈~~~≈~~~~~...
#....≈≈≈≈≈≈≈≈≈≈≈≈≈≈≈≈≈≈~...
#....~≈#####≈~~≈~≈≈~~≈~~...
#....~≈#...#...............
#...P~~#...#############'''
#....~≈###)#...........#...
#....~≈~.#))).........)'...
#....~≈~.#@#...........#...
#....~≈≈.#O################
#.P..~≈~.#.. #....~~~.#...
#....~≈~.#.### #....~≈~.#.#
.o #....~~~.#.# ..
#....~≈###'# .'
#....~≈#...################


You could see an ogre (very poisoned) and an orc priest.

Vanquished Creatures
  A cyclops (D:6)
  Eustachio (D:4)
  A water moccasin (D:5)
  An ice beast (D:5)
  A sky beast (D:5)
  7 ogres
  A wolf (D:6)
  2 gnoll sergeants (D:6)
  2 scorpions
  9 howler monkeys
  Crazy Yiuf (D:4)
  9 hounds
  A bombardier beetle (D:4)
  3 orc priests
  A jelly (D:6)
  A gnoll bouda (D:6)
  2 iguanas
  Ijyb (D:3)
  6 orc wizards
  15 gnolls
  10 adders
  A shadow imp (D:5)
  A white imp (D:5)
  3 ufetubi (D:5)
  2 dart slugs
  9 orcs
  4 endoplasms
  5 giant cockroaches
  11 goblins
  6 hobgoblins
  8 jackals
  7 kobolds
  3 quokkas
  8 ball pythons
  8 bats
  7 frilled lizards
  10 rats
169 creatures vanquished.

Vanquished Creatures (others)
  An orc (D:3)
1 creature vanquished.

Grand Total: 170 creatures vanquished

Notes
Turn   | Place    | Note
-------+----------+-------------------------------------------
     0 | D:1      | Silvore the Minotaur Fighter began the quest for the Orb.
     0 | D:1      | Reached XP level 1. HP: 19/19 MP: 0/0
    92 | D:1      | Reached XP level 2. HP: 25/27 MP: 1/1
   265 | D:1      | Reached XP level 3. HP: 33/33 MP: 2/2
   271 | D:1      | Reached skill level 3 in Axes
   473 | D:1      | Found a faded altar of an unknown god.
  1295 | D:3      | Found a radiant altar of Vehumet.
  1316 | D:3      | Reached XP level 4. HP: 40/40 MP: 3/3
  1317 | D:3      | Noticed Ijyb
  1321 | D:3      | Killed Ijyb
  1322 | D:3      | Reached skill level 4 in Axes
  1539 | D:3      | Reached XP level 5. HP: 25/47 MP: 4/4
  1849 | D:4      | Reached skill level 5 in Axes
  1924 | D:4      | Reached XP level 6. HP: 26/55 MP: 5/5
  2062 | D:4      | Reached skill level 5 in Fighting
  2112 | D:4      | Noticed Eustachio
  2119 | D:4      | Killed Eustachio
  2120 | D:4      | Reached skill level 6 in Axes
  2120 | D:4      | Reached skill level 5 in Armour
  2237 | D:4      | Reached XP level 7. HP: 48/61 MP: 6/6
  2545 | D:4      | Found a runed translucent door.
  2546 | D:4      | Noticed Crazy Yiuf
  2733 | D:4      | Killed Crazy Yiuf
  2790 | D:5      | Entered Level 5 of the Dungeon
  2791 | D:5      | Found a blossoming altar of Fedhas.
  2795 | D:5      | Found a shimmering altar of Xom.
  2801 | D:5      | Found a hide-covered altar of Uskayaw.
  2833 | D:5      | Reached skill level 7 in Axes
  3117 | D:5      | Reached skill level 5 in Shields
  3330 | D:5      | Found an iron altar of Okawaru.
  3349 | D:5      | Became a worshipper of Warmaster Okawaru
  3558 | D:5      | Reached XP level 8. HP: 70/70 MP: 7/7
  3594 | D:5      | Reached skill level 8 in Axes
  3671 | D:5      | Reached * piety under Okawaru
  3855 | D:6      | Reached skill level 9 in Axes
  3940 | D:6      | Found a staircase to the Ecumenical Temple.
  4073 | D:6      | Reached XP level 9. HP: 76/78 MP: 8/8
  4101 | Temple   | Entered the Ecumenical Temple
  4236 | D:6      | Reached ** piety under Okawaru
  4256 | D:6      | Reached skill level 10 in Axes
  4355 | D:6      | Noticed a cyclops
  4363 | D:6      | Killed a cyclops
  4371 | D:6      | HP: 3/79 [ogre/+0 giant club (20)]
  4381 | D:6      | HP: 3/79 [gnoll/+0 spear (3)]
  4451 | D:6      | Slain by an ogre

Illustrated notes

Levels and vault maps discovered:
D:1:      kennysheep_arrival_forest, layout_rooms,
          hellmonk_ecumenical_altar_defaced_shrine
D:2:      layout_loops_ring, corner_web_ring, minmay_octomino_e4
D:3:      layout_rooms, fiery_altar_vehumet, dk_noncrumbling_3, uniq_ijyb
D:4:      minmay_recursive_quarters, layout_gridville, uniq_crazy_yiuf_cottage,
          uniq_eustachio
D:5:      minmay_razor_zed, layout_loops_ring, grunt_temple_overflow_open,
          mainiacjoe_overflow_concentric_impassable
D:6:      lemuel_castle_with_subvaults [lemuel_castle_interior_carwin_1],
          layout_basic, minmay_temple_entry_glass, serial_shops, shop
Temple:   jpeg_temple_clearing

Skill      XL: |  1  2  3  4  5  6  7  8  9 |
---------------+----------------------------+-----
Armour         | 4 5 6 7 |  7.9
Shields        | 4 5 6 8 |  8.0
Fighting       | 4 5 6 7 |  7.6
Axes           | 3 4 5 6 7 9 10 | 10.9
Dodging        | |  0.5
Stealth        | |  0.7

Action                     |  1- 3 |  4- 6 |  7- 9 || total
---------------------------+-------+-------+-------++-------
  Melee: War axe           |   103 |    52 |   154 ||   309
         Headbutt          |     6 |     6 |    33 ||    45
    Use: Scroll            |     8 |     3 |     5 ||    16
         Potion            |       |       |     2 ||     2
 Armour: Plate armour      |   107 |    31 |   129 ||   267
  Dodge: Dodged            |    36 |    11 |    35 ||    82
  Block: Buckler           |    37 |    18 |    53 ||   108
         Kite shield       |       |       |    63 ||    63
         Reflection        |       |       |     3 ||     3
